 Dungeon Crawl Stone Soup version 0.31-a0-845-g9abc20d24f (webtiles) character file.

Game seed: 10692653666048342134

0 Nattfarinn the Changeling (level 1, 0/15 HPs)
             Began as a Barachi Shapeshifter on Oct 2, 2023.
             Succumbed to a goblin's poison
             ... on level 1 of the Dungeon.
             The game lasted 00:00:09 (80 turns).

Nattfarinn the Changeling (Barachi Shapeshifter)      Turns: 80, Time: 00:00:10

Health: 0/15       AC:  2    Str: 15    XL:     1   Next: 0%
Magic:  1/1        EV: 12    Int: 10    God:
Gold:   0          SH:  0    Dex: 11    Spells: 0/0 levels left

rFire   . .          .
                       - Unarmed
rCold   . . .        (no shield)
rNeg    . . .        a - +0 animal skin
rPois   .            (helmet currently unavailable)
rElec   .            (cloak currently unavailable)
rCorr   .            (gloves currently unavailable)
SInv    .            (boots currently unavailable)
Will    .....        (no amulet)
Stlth   +            (no ring)
HPRegen 0.22/turn    (no ring)
MPRegen 0.07/turn

%: no passive effects
@: lethally poisoned (0 -> -19), beast-form, slow
A: beast (slay +1), amphibious, slowness 1, strong legs 1, +LOS
a: Hop, Begin Untransformation


You were on level 1 of the Dungeon.
You were a hulking beast.
You visited 1 branch of the dungeon, and saw 1 of its levels.

Inventory:

Armour
 a - a +0 animal skin (worn)
Talismans
 c - a beast talisman (active)
 d - a flux talisman
Scrolls
 e - a scroll of amnesia {unknown}
 h - a scroll of identify {unknown}
Potions
 b - a potion of lignification
 f - a potion of brilliance {unknown}
 g - a potion of mutation {unknown}


   Skills:
 + Level 1.2 Fighting
 - Level 2.1 Dodging
 * Level 3.2 Unarmed Combat
 + Level 3.2 Shapeshifting


You couldn't memorise any spells.
You didn't know any spells.
Your spell library was empty.

Dungeon Overview and Level Annotations

Branches:
Dungeon (1/15)

Altars:


Innate Abilities, Weirdness & Mutations

You are a hulking beast.
Your limbs bulge with bestial killing power. (Slay +1)
You are amphibious.
You cover ground slowly.
You can hop short distances.
You have an extended range of vision and can be seen from far away.


Message History

Welcome, Nattfarinn the Barachi Shapeshifter.
If you return without finding the Orb of Zot, so far below, it's all over!
Press ? for a list of commands and other information.
Found a scroll labelled NESUT BU DELE.
Found a staircase leading out of the dungeon.
Found 5 stones.
e - a scroll labelled NESUT BU DELE
f - a brown potion
Found a stone staircase leading down.
g - a fuming white potion
h - a scroll labelled VEMNEUPIXI A goblin comes into view.
It is wielding a +2 dagger of venom.
The goblin shouts!
The goblin hits you with a +2 dagger of venom.
You are poisoned.
You closely miss the goblin.
You feel sick. The goblin barely misses you.
You hit the goblin.
The goblin is severely wounded.
You feel sick.
The goblin hits you with a +2 dagger of venom.
* * * LOW HITPOINT WARNING * * *
You are more poisoned.
You are too injured to fight recklessly!
You are too injured to fight recklessly!
You are too injured to fight recklessly!
You hit the goblin.
You kill the goblin!
You die...

#########
#.h)....##########
#.#####..........#
#.#####..#######.##
######........######....
....................>...#.
###########....###...##.#.
#..........#....
#.##.....#.#..##
######.....####.#..##


There were no monsters in sight!

Vanquished Creatures
  A goblin (D:1)
1 creature vanquished.

Notes
Turn   | Place    | Note
-------+----------+-------------------------------------------
     0 | D:1      | Nattfarinn the Barachi Shapeshifter began the quest for the
                  | Orb.
     0 | D:1      | Reached XP level 1. HP: 15/15 MP: 1/1
    80 | D:1      | Succumbed to a goblin's poison

Illustrated notes

Levels and vault maps discovered:
D:1:      elethiomel_arrival_shortcut, layout_basic, nicolae_shop_unique_rings

Action                     || total
---------------------------++-------
  Melee: Unarmed           ||     3
 Armour: Animal skin       ||     2
  Dodge: Dodged            ||     1

Table legend: (Time is in decaauts)
 A = Elapsed time spent in this place.
 B = Non-inter-level travel time spent in this place.
 C = Inter-level travel time spent in this place.
 D = Time resting spent in this place.
 E = Time spent auto-exploring this place.
 F = Levels seen in this place.
 G = Mean time per level.
                   A        B        C        D        E       F      G
               +--------+--------+--------+--------+--------+-----+--------+
         Total |     94 |     94 |      0 |      0 |     84 |   1 |   94.0 |
       Dungeon |     94 |     94 |      0 |      0 |     84 |   1 |   94.0 |
               +--------+--------+--------+--------+--------+-----+--------+

Top non-repeatable levels by time:
     D:1: 94 daAuts
